 Dungeon Crawl Stone Soup version 0.24.0-37-gcf1ca852f1 (webtiles) character file.

Game seed: 16093315844567904396, levelgen mode: deterministic

1524320 peeb the Slayer (level 26, 257/257 HPs)
             Began as a Centaur Hunter on Nov 20, 2019.
             Was a High Priest of Okawaru.
             Escaped with the Orb
             ... and 3 runes on Nov 23, 2019!
             The game lasted 05:39:11 (85389 turns).

peeb the Slayer (Centaur Hunter)                   Turns: 85389, Time: 05:39:12

Health: 257/257    AC: 29    Str: 25    XL:     26   Next: 61%
Magic:  35/35      EV: 18    Int: 14    God:    Okawaru [*****.]
Gold:   5043       SH:  0    Dex: 17    Spells: 27/42 levels left

rFire    + + +     SeeInvis +   a - +9 longbow (freeze)
rCold    + . .     Gourm    .   (shield currently unavailable)
rNeg     + + +     Faith    .   F - +5 ring mail "Qeexyfeo" {+Blink rF+}
rPois    +         Spirit   .   g - +1 helmet of Rasuhun {rCorr}
rElec    +         Reflect  .   C - scarf {rC+ rF+}
rCorr    +         Harm     .   j - +2 pair of gloves
MR       ++++.     Clarity  +   G - +3 centaur barding of Tender Moments {rElec rF+ Dex+4}
Stlth    ..........             K - amulet of the Four Winds {rN+ MR+++ Clar}
HPRegen  0.52/turn              B - ring of Yvakoc {rN+++ Int+4 Dex-3 SInv Stlth-} (curse)
MPRegen  0.24/turn              V - ring "Jeoxu" {+Fly rN+ Str+4}

@: glowing, very quick
A: large, hooves 3, deformed body, speed 2, sense surroundings 1, poison
resistance, shaggy fur 1, tough skin 3, wild magic 1
0: Orb of Zot
}: 3/15 runes: serpentine, barnacled, silver
a: Heroism, Finesse, Renounce Religion, Evoke Blink, Evoke Flight


You escaped.
You worshipped Okawaru.
Okawaru was extremely pleased with you.
You were not hungry.

You visited 10 branches of the dungeon, and saw 50 of its levels.

You collected 7008 gold pieces.
You spent 1965 gold pieces at shops.

Inventory:

Hand Weapons
 a - a +9 longbow of freezing (weapon)
 n - a +4 demon trident of electrocution
 p - a +1 longbow of flaming
Missiles
 d - 537 arrows (quivered)
Armour
 g - the +1 helmet of Rasuhun (worn) {rCorr}
   (You found it on level 3 of the Elven Halls)

   It provides partial protection from all sources of acid and corrosion.
 j - a +2 pair of gloves (worn)
 k - a +0 pair of gloves of dexterity
 u - the +2 centaur barding of the Storm King {+Fly SInv}
   (Okawaru gifted it to you on level 13 of the Dungeon)

   It lets you see invisible.
   It lets you fly.
 C - a scarf of resistance (worn)
 F - the +5 ring mail "Qeexyfeo" (worn) {+Blink rF+}
   (You found it on level 4 of the Shoals)

   It protects you from fire.
   It lets you blink.
 G - the +3 centaur barding of Tender Moments (worn) {rElec rF+ Dex+4}
   (Okawaru gifted it to you on level 1 of the Depths)

   It affects your dexterity (+4).
   It protects you from fire.
   It insulates you from electricity.
 Q - the +9 shadow dragon scales of Optimism {+Inv Stlth++++}
   (You took it off a deep elf master archer on level 3 of the Elven Halls)

   It lets you turn invisible.
   It makes you much more stealthy.
 X - a +2 centaur barding of fire resistance
Jewellery
 c - an uncursed ring of poison resistance
 B - the cursed ring of Yvakoc (left hand) {rN+++ Int+4 Dex-3 SInv Stlth-}
   (You took it off a deep elf mage on level 3 of the Elven Halls)

   [ring of dexterity]

   It affects your intelligence (+4).
   It affects your dexterity (-3).
   It renders you almost immune to negative energy.
   It lets you see invisible.
   It makes you less stealthy.
   It has a curse placed upon it.
 I - the ring "Kufaeva" {*Tele MR++ Str+7 Int-3}
   (You took it off an ironbrand convoker on level 5 of the Vaults)

   [ring of teleportation]

   It may teleport you next to monsters.
   It affects your strength (+7).
   It affects your intelligence (-3).
   It affects your resistance to hostile enchantments.
 K - the amulet of the Four Winds (around neck) {rN+ MR+++ Clar}
   (You took it off a deep elf death mage on level 3 of the Elven Halls)

   [amulet of nothing]

   It protects you from negative energy.
   It affects your resistance to hostile enchantments.
   It protects you against confusion.
 M - an uncursed amulet of the acrobat
 P - the ring of Egoecerch {Wiz MP+9}
   (You took it off a deep elf archer on level 3 of the Elven Halls)

   [ring of wizardry]

   It improves your spell success rate.
   It affects your magic capacity (+9).
 T - an uncursed ring of protection from magic
 V - the ring "Jeoxu" (right hand) {+Fly rN+ Str+4}
   (You took it off a deep elf sorcerer on level 3 of the Elven Halls)

   [ring of positive energy]

   It affects your strength (+4).
   It protects you from negative energy.
   It lets you fly.
Wands
 q - a wand of digging (3)
 v - a wand of acid (22)
 y - a wand of disintegration (75)
 Z - a wand of iceblast (34)
Scrolls
 b - a scroll of blinking
 h - a scroll of holy word
 m - 10 scrolls of identify
 s - a scroll of summoning
 w - 9 scrolls of teleportation
 x - 20 scrolls of remove curse
 z - 7 scrolls of fog
 D - 4 scrolls of magic mapping
 J - 4 scrolls of fear
 N - 8 scrolls of amnesia
 U - 3 scrolls of silence
Potions
 l - a potion of mutation
 o - 4 potions of invisibility
 r - 7 potions of brilliance
 t - 9 potions of heal wounds
 A - 16 potions of curing
 E - 2 potions of magic
 H - 12 potions of flight
 L - 5 potions of resistance
 O - 3 potions of cancellation
 S - 4 potions of might
 W - 2 potions of agility
Miscellaneous
 e - 4 sacks of spiders
 i - 2 phantom mirrors
 Y - 2 boxes of beasts
Comestibles
 f - 56 rations


   Skills:
 + Level 24.8 Fighting
 - Level 10.0 Polearms
 - Level 20.0 Bows
 - Level 12.5 Armour
 - Level 15.9 Dodging
 - Level 0.4 Stealth
 - Level 8.9 Spellcasting
 - Level 7.0 Summonings
 - Level 13.4 Translocations
 - Level 8.0 Invocations
 + Level 16.6 Evocations


You had 27 spell levels left.
You knew the following spells:

 Your Spells              Type           Power        Failure   Level  Hunger
a - Summon Ice Beast      Ice/Summ       ###.....     45%         4    ####...
b - Blink                 Tloc           N/A          1%          2    None
c - Teleport Other        Tloc           ######..     1%          3    ##.....
d - Apportation           Tloc           ######       1%          1    None
e - Passage of Golubria   Tloc           N/A          1%          4    ####...
f - Summon Butterflies    Summ           ####....     1%          1    None

Your spell library contained the following spells:

 Spells                   Type           Power        Failure   Level  Hunger
 Summon Small Mammal      Summ           ####         1%          1    None
 Gell's Gravitas          Tloc           ######....   1%          3    ##.....
 Lesser Beckoning         Tloc           ######....   1%          3    ##.....
 Recall                   Summ/Tloc      N/A          1%          3    ##.....
 Call Imp                 Summ           ####....     2%          2    None
 Shroud of Golubria       Chrm/Tloc      ####..       3%          2    None
 Call Canine Familiar     Summ           ####....     4%          3    ##.....
 Summon Forest            Summ/Tloc      #####.....   11%         5    #####..
 Summon Guardian Golem    Hex/Summ       ###.....     17%         3    ##.....
 Animate Skeleton         Necr           N/A          22%         1    None
 Beastly Appendage        Tmut           #.....       22%         1    None
 Confusing Touch          Hex            #.....       22%         1    None
 Freeze                   Ice            #...         22%         1    None
 Infusion                 Chrm           #...         22%         1    None
 Magic Dart               Conj           #...         22%         1    None
 Pain                     Necr           #...         22%         1    None
 Shock                    Conj/Air       #...         22%         1    None
 Ensorcelled Hibernation  Hex/Ice        #.....       32%         2    None
 Poisonous Vapours        Pois/Air       #.....       32%         2    None
 Slow                     Hex            #.......     32%         2    None
 Song of Slaying          Chrm           #.......     32%         2    None
 Sticks to Snakes         Tmut           #.......     32%         2    None
 Sublimation of Blood     Necr           #.........   32%         2    None
 Swiftness                Chrm/Air       #.......     32%         2    None
 Throw Frost              Conj/Ice       #.....       32%         2    None
 Aura of Abjuration       Summ           ####......   34%         5    #####..
 Summon Demon             Summ           ####......   34%         5    #####..
 Summon Lightning Spire   Summ/Air       ###.....     45%         4    ####...
 Conjure Flame            Conj/Fire      #.......     52%         3    ##.....
 Ignite Poison            Fire/Tmut/Pois #.......     52%         3    ##.....
 Mephitic Cloud           Conj/Pois/Air  #.......     52%         3    ##.....
 Regeneration             Chrm/Necr      #.........   52%         3    ##.....
 Spectral Weapon          Hex/Chrm       #.......     52%         3    ##.....
 Spider Form              Tmut/Pois      #.........   52%         3    ##.....
 Static Discharge         Conj/Air       #.......     52%         3    ##.....
 Tukima's Dance           Hex            #.......     52%         3    ##.....
 Vampiric Draining        Necr           #.........   52%         3    ##.....
 Summon Mana Viper        Hex/Summ       ###.....     78%         5    #####..
 Shadow Creatures         Summ           N/A          86%         6    #######
 Airstrike                Air            #.........   89%         4    ####...
 Animate Dead             Necr           N/A          89%         4    ####...
 Cause Fear               Hex            #.........   89%         4    ####...
 Ice Form                 Ice/Tmut       #.......     89%         4    ####...
 Leda's Liquefaction      Hex/Erth       #.........   89%         4    ####...
 Petrify                  Tmut/Erth      #.......     89%         4    ####...
 Throw Icicle             Conj/Ice       #.......     89%         4    ####...
 Malign Gateway           Summ/Tloc      #####.....   94%         7    #######
 Agony                    Necr           #.......     99%         5    #####..
 Alistair's Intoxication  Tmut/Pois      #.......     99%         5    #####..
 Blade Hands              Tmut           #.........   99%         5    #####..
 Bolt of Magma            Conj/Fire/Erth #.........   99%         5    #####..
 Excruciating Wounds      Chrm/Necr      #.........   99%         5    #####..
 Fireball                 Conj/Fire      #.........   99%         5    #####..
 Irradiate                Conj/Tmut      #.........   99%         5    #####..
 Lightning Bolt           Conj/Air       #.........   99%         5    #####..
 Metabolic Englaciation   Hex/Ice        #.........   99%         5    #####..
 Silence                  Hex/Air        #.........   99%         5    #####..
 Yara's Violent Unravell  Hex/Tmut       #.........   99%         5    #####..
 Bolt of Fire             Conj/Fire      #.........   100%        6    #######
 Deflect Missiles         Chrm/Air       #.........   100%        6    #######
 Freezing Cloud           Conj/Ice/Air   #.........   100%        6    #######
 Hydra Form               Tmut           #.........   100%        6    #######
 Invisibility             Hex            #.......     100%        6    #######
 Iron Shot                Conj/Erth      #.........   100%        6    #######
 Statue Form              Tmut/Erth      #........    100%        6    #######
 Dragon Form              Tmut           #.........   100%        7    #######
 Haunt                    Necr/Summ      ###.......   100%        7    #######
 Monstrous Menagerie      Summ           ####......   100%        7    #######
 Ring of Flames           Chrm/Fire      #.........   100%        7    #######
 Summon Greater Demon     Summ           ####......   100%        7    #######
 Borgnjor's Revivificati  Necr           #.........   100%        8    #######
 Death's Door             Chrm/Necr      #.........   100%        8    #######
 Discord                  Hex            #.........   100%        8    #######
 Ignition                 Fire           #.........   100%        8    #######
 Infestation              Necr           #.........   100%        8    #######
 Necromutation            Tmut/Necr      #.........   100%        8    #######
 Summon Horrible Things   Summ           ####......   100%        8    #######
 Shatter                  Erth           #.........   100%        9    #######
 Tornado                  Air            #.........   100%        9    #######


Dungeon Overview and Level Annotations

Branches:
Dungeon (15/15)            Temple (1/1) D:5            Lair (6/6) D:10
 Shoals (4/4) Lair:4        Snake (4/4) Lair:4        Slime (0/5) Lair:5
    Orc (2/2) D:12            Elf (3/3) Orc:2        Vaults (5/5) D:14
  Crypt (0/3) Vaults:2     Depths (5/5) D:15            Zot (5/5) Depths:5

Altars:
Ashenzari
Dithmenos
Fedhas
Gozag
Nemelex Xobeh
Okawaru
Qazlal
Ru
Sif Muna
Trog
Uskayaw
Vehumet
Wu Jian
Xom
Yredelemnul
Zin
The Shining One
Beogh
Jiyva

Shops:
D:2 *   D:8 !?[   D:9 ?   Orc:1 :}   Orc:2 [((!   Snake:4 !**[   Vaults:3 =
Vaults:5 :   Depths:5 }}=

Portals:
Hell: Depths:1 Depths:3 Depths:4 Depths:5
Abyss: Depths:4
Pandemonium: Depths:3 Depths:5
Ziggurat: Depths:4
Trove: Elf:1 (give dagger "Fyon")

Annotations:
D:4 Eustachio
D:6 exclusion: door
D:9 1 exclusion
D:10 1 exclusion
Lair:1 exclusion: 2 downstairs
Lair:2 exclusions: upstairs and 1 more exclusion
Lair:5 exclusion: downstairs
Lair:6 Kirke
Shoals:3 Ilsuiw
Snake:4 exclusion: 2 ice statues
Elf:2 3 runed translucent doors
Vaults:4 3 runed translucent doors, astronautguy's ghost, master FoEE
Depths:1 3 runed translucent doors, exclusion: downstairs, Raeg's ghost, veteran DrSk
Depths:2 exclusions: downstairs and 2 orange crystal statues
Depths:4 exclusion: 2 ice statues
Zot:5 exclusion: orange crystal statue


Innate Abilities, Weirdness & Mutations

You have hooves in place of feet.
Armour fits poorly on your strangely shaped body.
You cover ground very quickly.
You have extremely tough skin. (AC +3)
You passively map a small area around you.
Your system is resistant to poisons. (rPois)
You are covered in fur. (AC +1)
Your spells are a little harder to cast, but a little more powerful.


Message History

Aim: a soul eater (almost dead)
You shoot an arrow. The arrow hits the soul eater!
You kill the soul eater!
Okawaru accepts your kill.
You start waiting.
An angel comes into view. It is wielding a +1 whip of holy wrath.
Firing (i - inventory)
d - 540 arrows (quivered)
Press: ? - help, Shift-Dir - straight line, f - angel
Aim: an angel, wielding a +1 whip of holy wrath and wearing a +0 robe (haloed)
You shoot an arrow. The arrow misses the angel.
Firing (i - inventory)
d - 539 arrows (quivered)
Press: ? - help, Shift-Dir - straight line, f/p - angel
Aim: an angel, wielding a +1 whip of holy wrath and wearing a +0 robe (haloed)
You shoot an arrow. The arrow hits the angel!
The arrow freezes the angel.
The angel is lightly wounded.
Firing (i - inventory)
d - 538 arrows (quivered)
Press: ? - help, Shift-Dir - straight line, f/p - angel
Aim: an angel, wielding a +1 whip of holy wrath and wearing a +0 robe (lightly wounded, haloed)
You shoot an arrow. The arrow closely misses the angel.
You have escaped!

####.#.#....#.#####.##...##......
####.#.####.#.# #.##...........
.....#........# #.......##.....
.........############.....#######
..........................#
...........##♣♣♣.♣♣♣##....#
...........# ♣⌠♣ #....#
##....###.(♣♣♣♣♣.♣♣♣♣♣....#
.........(((((⌠A@.⌠.......#######
...[.....A.♣♣♣♣♣.♣♣♣♣♣...........
........#..# ♣⌠♣ #...########
........#..##♣♣♣.♣♣♣##...# #
........#................########
...###..###.#....................
...# ##.###...####.######........
...# #..####.# #.# #........ ...#
##.####.####.# #......##


You could see 2 angels.

Vanquished Creatures
  14 ancient liches
  3 orbs of fire (Zot:5)
  2 juggernauts
  4 Killer Klowns (Zot:5)
  Margery (Vaults:5)
  Saint Roka (Vaults:5)
  Bai Suzhen (Vaults:5)
  A curse toe (Zot:5)
  Xtahua (Vaults:2)
  10 golden dragons
  2 bone dragons
  Jorgrun (Orc:2)
  5 tentacled monstrosities
  2 deep elf blademasters (Elf:3)
  3 liches
  6 titans
  2 deep elf master archers (Elf:3)
  14 Orb Guardians
  3 quicksilver dragons
  The ghost of AtomicRavioli the Warrior, an adept OgFi of Makhleb (Shoals:1)
  Polyphemus (Shoals:4)
  11 sphinxes
  7 tengu reavers
  A death cob (Zot:4)
  5 shadow dragons
  4 draconian monks
  7 storm dragons
  9 nagarajas
  4 iron dragons
  4 deep elf sorcerers
  10 frost giants
  4 draconian scorchers
  A ghost moth (Zot:5)
  5 fire giants
  21 vault wardens
  2 orc warlords
  A balrug (Depths:5)
  Aizul (Snake:2)
  A draconian annihilator (Zot:4)
  2 spriggan defenders (Depths:3)
  21 ironheart preservers
  4 war gargoyles
  4 deep elf elementalists
  A juggernaut skeleton (Depths:1)
  15 very ugly things
  3 green draconians
  3 vampire knights
  14 stone giants
  6 deep elf demonologists
  A red draconian (Zot:4)
  A minotaur (Vaults:4)
  11 deep elf annihilators
  3 black draconians
  4 white draconians
  5 purple draconians
  A yellow draconian (Zot:4)
  4 spark wasps
  Snorg (D:11)
  A spark wasp (shapeshifter) (Depths:1)
  10 ettins
  7 fire dragons
  A blizzard demon (Depths:4)
  4 merfolk impalers
  6 deep elf death magi
  2 merfolk javelineers
  14 yaktaur captains
  3 jiangshi (Depths:1)
  3 deep elf high priests
  5 rakshasas
  8 great orbs of eyes
  6 centaur warriors
  43 vault guards
  3 catoblepae
  Erolcha (D:11)
  15 naga warriors
  4 spriggan air magi
  15 anacondas
  4 hydras
  A merfolk avatar (Shoals:1)
  14 ice dragons
  2 satyrs (Shoals:3)
  3 death knights
  28 two-headed ogres
  11 ogre magi
  2 alligator snapping turtles
  4 merfolk aquamancers
  13 deep troll shamans
  2 vampire magi (Depths:1)
  8 deep troll earth magi
  6 tengu warriors
  3 shock serpents
  14 dancing weapons
  3 orc high priests
  2 sun demons (Depths:5)
  7 death yaks
  8 naga sharpshooters
  2 soul eaters (D:1)
  4 spriggan berserkers
  20 deep elf knights
  12 hell knights
  2 spriggans (Depths:4)
  A storm dragon zombie (Depths:4)
  8 shadow wraiths
  7 sea snakes
  A salamander mystic (Snake:4)
  8 skeletal warriors
  7 iron trolls
  15 wizards
  An unseen horror (D:12)
  A storm dragon skeleton (Depths:4)
  An unseen horror (shapeshifter) (Vaults:4)
  4 death drakes
  28 deep trolls
  11 deep elf archers
  3 glowing orange brains
  4 spectral anacondas (Depths:2)
  16 ironbrand convokers
  7 flayed ghosts
  9 orc knights
  A lindwurm (shapeshifter) (Vaults:1)
  2 swamp dragons (Zot:4)
  51 deep elf magi
  A tengu zombie (Depths:3)
  9 mana vipers
  3 phantasmal warriors
  6 harpies
  9 naga ritualists
  A wolf spider zombie (D:15)
  A shadow dragon zombie (Depths:3)
  50 ugly things
  5 necromancers
  A frost giant zombie (Depths:4)
  10 fauns
  A fire giant zombie (Depths:3)
  4 orc sorcerers
  3 wolf spiders
  3 cyclopes
  9 manticores
  A tengu skeleton (Vaults:2)
  2 sphinx skeletons
  5 salamanders
  3 manticores (shapeshifter)
  A salamander (shapeshifter) (Depths:4)
  29 black mambas
  14 guardian serpents
  13 moths of wrath
  4 water nymphs
  8 merfolk sirens
  16 vault sentinels
  20 naga magi
  3 gargoyles
  A storm dragon simulacrum (Depths:4)
  10 spiny frogs
  An elf zombie (Depths:1)
  A torpor snail (Lair:4)
  47 yaktaurs
  A spriggan zombie (Depths:1)
  2 rime drakes
  5 komodo dragons
  3 ice devils (Depths:4)
  2 spectral merfolk (Depths:2)
  4 tengu conjurers
  A freezing wraith (Vaults:3)
  A human skeleton (Vaults:2)
  An anaconda simulacrum (Depths:2)
  2 polar bears (shapeshifter)
  26 merfolk
  7 trolls
  3 polar bears
  A wind drake (shapeshifter) (Vaults:3)
  4 wind drakes
  A raiju (Depths:2)
  4 hornets
  3 blink frogs
  12 snapping turtles
  A fire giant simulacrum (Depths:3)
  8 dream sheep
  2 hippogriffs (shapeshifter)
  12 slime creatures (Depths:3)
  10 hippogriffs
  3 shadows (Depths:2)
  A meliai zombie (D:13)
  An elf skeleton (Vaults:2)
  33 water elementals
  8 wraiths
  6 wyverns
  37 yaks
  4 vampires
  A fire elemental (Elf:2)
  A human (D:14)
  7 hogs (Lair:6)
  5 basilisks
  4 fire bats (D:10)
  10 vampire mosquitoes
  A hungry ghost (D:15)
  2 steam dragons
  A warg (shapeshifter) (Vaults:1)
  18 wargs
  A soldier ant (D:13)
  7 acid dragons
  46 nagas
  Duvessa (D:7)
  5 hell hounds
  A spectral spriggan (Depths:2)
  2 spectral trolls (Depths:2)
  17 porcupines
  16 water moccasins
  3 floating eyes
  44 orc warriors
  4 sky beasts
  A black bear (D:9)
  A necrophage (D:15)
  A hornet zombie (D:15)
  7 ice beasts
  An eye of draining (D:15)
  4 boggarts (Depths:2)
  4 phantoms
  An eye of draining (shapeshifter) (Depths:1)
  7 crocodiles
  9 wolves (Depths:2)
  28 ogres
  16 centaurs
  20 bullfrogs
  A bullfrog (shapeshifter) (Vaults:5)
  A human simulacrum (Vaults:1)
  An ogre simulacrum (Vaults:1)
  3 earth elementals
  7 scorpions
  15 killer bees
  3 spectral nagas (Depths:2)
  A spectral ogre (Depths:2)
  16 wights
  A howler monkey (D:9)
  5 electric eels
  5 spectral centaurs (Depths:2)
  7 crimson imps
  2 lava snakes (D:10)
  A quasit (D:9)
  A bullfrog zombie (D:12)
  A gnoll shaman (D:6)
  21 orc priests
  A centaur zombie (D:11)
  8 hounds
  7 jellies
  9 centaur skeletons
  A bullfrog skeleton (D:5)
  31 orc wizards
  5 iguanas
  11 worker ants
  A killer bee zombie (D:8)
  A hound skeleton (D:6)
  4 gnolls (D:5)
  A howler monkey skeleton (D:9)
  16 adders
  A naga simulacrum (Depths:2)
  2 shadow imps
  An ufetubus (Depths:5)
  2 oozes
  2 adder skeletons
  2 dart slugs
  4 leopard geckos
  113 orcs
  2 ball pythons
  10 giant cockroaches
  8 goblins
  5 hobgoblins
  10 jackals
  9 kobolds
  3 quokkas
  5 bats
  4 frilled lizards
  2 gnoll zombies (D:2)
  A leopard gecko skeleton (D:6)
  A quokka zombie (D:8)
  10 rats
  3 fire vortices (D:10)
1981 creatures vanquished.

Vanquished Creatures (collateral kills)
  An Orb Guardian (Zot:5)
  A draconian shifter (Zot:4)
  A black draconian (Zot:4)
  A red draconian (Zot:4)
  A white draconian (Zot:4)
5 creatures vanquished.

Vanquished Creatures (others)
  A centaur warrior (D:14)
  A naga sharpshooter (Snake:4)
  A cyclops (Vaults:1)
  2 yaktaurs (Vaults:1)
  A centaur (D:15)
  2 bushes (D:10)
  7 fungi
  30 plants
45 creatures vanquished.

Grand Total: 2031 creatures vanquished

Notes
Turn   | Place    | Note
-------+----------+-------------------------------------------
     0 | D:1      | peeb the Centaur Hunter began the quest for the Orb.
     0 | D:1      | Reached XP level 1. HP: 17/17 MP: 1/1
   546 | D:1      | Reached XP level 2. HP: 24/24 MP: 2/2
   848 | D:1      | Upgraded the game from 0.24.0-35-gdb84b6a5db to
                  | 0.24.0-37-gcf1ca852f1
   848 | D:1      | Reached XP level 3. HP: 30/30 MP: 3/3
  1813 | D:2      | Found Gozag's Platinum Reserve.
  1813 | D:2      | Found an opulent altar of Gozag.
  1840 | D:2      | Found a blossoming altar of Fedhas.
  2044 | D:2      | Found a basalt altar of Yredelemnul.
  2560 | D:3      | Reached skill level 3 in Fighting
  2560 | D:3      | Reached XP level 4. HP: 38/38 MP: 4/4
  2874 | D:3      | Reached XP level 5. HP: 41/45 MP: 5/5
  3076 | D:3      | Found a bloodstained altar of Trog.
  3609 | D:4      | Noticed Eustachio
  3923 | D:4      | Found a stormy altar of Qazlal.
  4265 | D:4      | Reached skill level 4 in Fighting
  4265 | D:4      | Reached XP level 6. HP: 52/52 MP: 6/6
  4345 | D:5      | Entered Level 5 of the Dungeon
  4468 | D:5      | Found a staircase to the Ecumenical Temple.
  4491 | Temple   | Entered the Ecumenical Temple
  4497 | Temple   | Became a worshipper of Warmaster Okawaru
  4563 | D:5      | Reached skill level 1 in Polearms
  4863 | D:5      | Found a radiant altar of Vehumet.
  4962 | D:5      | Found a shimmering altar of Xom.
  4996 | D:5      | Found a glowing silver altar of Zin.
  5032 | D:5      | Reached XP level 7. HP: 58/60 MP: 7/7
  5358 | D:5      | Reached * piety under Okawaru
  5621 | D:6      | Reached skill level 5 in Fighting
  5946 | D:6      | Reached XP level 8. HP: 68/68 MP: 8/8
  6191 | D:6      | Found a shadowy altar of Dithmenos.
  6197 | D:6      | Found an iron altar of Okawaru.
  6417 | D:6      | Found a glowing golden altar of the Shining One.
  6637 | D:7      | Reached ** piety under Okawaru
  7005 | D:7      | Found a shimmering blue altar of Sif Muna.
  7145 | D:7      | Noticed a hippogriff
  7171 | D:7      | Killed a hippogriff
  7171 | D:7      | Reached skill level 6 in Fighting
  7383 | D:7      | Noticed Duvessa
  7437 | D:7      | Killed Duvessa
  7579 | D:8      | Found Qaipsem's Armour Shoppe.
  7602 | D:8      | Found Xuovu's Distillery.
  7650 | D:8      | Reached *** piety under Okawaru
  7650 | D:8      | Reached XP level 9. HP: 78/78 MP: 9/9
  7684 | D:8      | Bought a potion of heal wounds for 75 gold pieces
  7684 | D:8      | Bought a potion of curing for 45 gold pieces
  7710 | D:8      | Reached skill level 1 in Armour
  7749 | D:8      | Found Zeofa's Magic Scroll Shoppe.
  7763 | D:8      | Bought a scroll of teleportation for 45 gold pieces
  7806 | D:8      | Reached skill level 5 in Dodging
  8126 | D:8      | Reached skill level 10 in Bows
  8533 | D:8      | Reached skill level 7 in Fighting
  8980 | D:8      | Noticed a two-headed ogre
  9055 | D:8      | Killed a two-headed ogre
  9055 | D:8      | Reached **** piety under Okawaru
  9266 | D:8      | Found a hide-covered altar of Uskayaw.
  9425 | D:9      | Received a gift from Okawaru
  9536 | D:9      | Reached skill level 8 in Fighting
  9567 | D:9      | Reached skill level 1 in Invocations
  9567 | D:9      | Reached XP level 10. HP: 38/88 MP: 10/10
 10961 | D:9      | Received a gift from Okawaru
 11003 | D:9      | Found Reruiblo's Magic Scroll Emporium.
 11319 | D:9      | Found a sparkling altar of Nemelex Xobeh.
 12019 | D:9      | Found an ornate altar of the Wu Jian Council.
 12082 | D:10     | Entered Level 10 of the Dungeon
 12137 | D:10     | Reached skill level 9 in Fighting
 12509 | D:10     | Reached skill level 5 in Invocations
 12532 | D:10     | Reached skill level 5 in Armour
 12601 | D:10     | Reached ***** piety under Okawaru
 12786 | D:10     | Reached skill level 1 in Evocations
 12950 | D:10     | Received a gift from Okawaru
 13304 | D:10     | Reached XP level 11. HP: 86/97 MP: 14/14
 13509 | D:10     | Found a staircase to the Lair.
 13694 | D:10     | Reached skill level 5 in Polearms
 13983 | Lair:1   | Entered Level 1 of the Lair of Beasts
 14077 | Lair:1   | Reached skill level 10 in Fighting
 14462 | Lair:1   | Learned a level 4 spell: Summon Ice Beast
 15050 | Lair:2   | Noticed a five-headed hydra
 15055 | Lair:2   | Killed a five-headed hydra
 15055 | Lair:2   | Received a gift from Okawaru
 15113 | Lair:2   | Received a gift from Okawaru
 15238 | Lair:2   | Received a gift from Okawaru
 15253 | Lair:2   | Reached skill level 5 in Evocations
 15428 | Lair:2   | Noticed a death yak
 15428 | Lair:2   | Noticed a death yak
 15474 | Lair:2   | Killed a death yak
 15474 | Lair:2   | Reached skill level 11 in Fighting
 15500 | Lair:2   | Noticed a death yak
 15500 | Lair:2   | Noticed a death yak
 15500 | Lair:2   | Noticed a death yak
 15539 | Lair:2   | Noticed a death yak
 15593 | Lair:2   | Received a gift from Okawaru
 15759 | Lair:3   | Reached XP level 12. HP: 77/110 MP: 16/16
 16437 | Lair:3   | Reached ****** piety under Okawaru
 16868 | Lair:4   | Received a gift from Okawaru
 17045 | Lair:4   | Found a staircase to the Snake Pit.
 17103 | Lair:4   | Received a gift from Okawaru
 17168 | Lair:4   | Noticed a six-headed hydra
 17204 | Lair:4   | Killed a six-headed hydra
 17329 | Lair:4   | Noticed a death yak
 17330 | Lair:4   | Noticed a death yak
 17339 | Lair:4   | Killed a death yak
 17339 | Lair:4   | Reached skill level 12 in Fighting
 17344 | Lair:4   | Killed a death yak
 17728 | Lair:4   | Noticed a catoblepas
 17728 | Lair:4   | Noticed a death yak
 17739 | Lair:4   | Noticed a death yak
 17741 | Lair:4   | Killed a catoblepas
 17745 | Lair:4   | Killed a death yak
 17768 | Lair:4   | Killed a death yak
 18076 | Lair:4   | Found a staircase to the Shoals.
 18157 | Lair:4   | Noticed a five-headed hydra
 18161 | Lair:4   | Killed a five-headed hydra
 18204 | Lair:4   | Reached skill level 13 in Fighting
 18540 | Lair:5   | Reached XP level 13. HP: 122/122 MP: 17/17
 18626 | Lair:5   | Reached skill level 15 in Bows
 18632 | Lair:5   | Received a gift from Okawaru
 19055 | Lair:5   | Found a viscous altar of Jiyva.
 19056 | Lair:5   | Found a staircase to the Slime Pits.
 19179 | Lair:6   | Entered Level 6 of the Lair of Beasts
 19261 | Lair:6   | Noticed Kirke
 19268 | Lair:6   | Noticed a sphinx
 19277 | Lair:6   | Paralysed by a sphinx for 5 turns
 19618 | D:11     | Received a gift from Okawaru
 19945 | D:11     | Noticed Erolcha
 19952 | D:11     | Killed Erolcha
 19952 | D:11     | Received a gift from Okawaru
 20104 | D:10     | Learned a level 2 spell: Blink
 20116 | D:11     | Noticed Snorg
 20125 | D:11     | Killed Snorg
 20565 | D:12     | Got a scorched flail
 20566 | D:12     | Identified the cursed +1 flail of Fodeg {freeze, Dex+4}
                  | (You found it on level 12 of the Dungeon)
 21009 | D:12     | Found a staircase to the Orcish Mines.
 21492 | Orc:1    | Entered Level 1 of the Orcish Mines
 21896 | Orc:1    | Found Hexziate's Gadget Boutique.
 21896 | Orc:1    | Found Wedifep's Book Emporium.
 21900 | Orc:1    | Reached skill level 14 in Fighting
 22167 | Orc:2    | Entered Level 2 of the Orcish Mines
 22226 | Orc:2    | Found a roughly hewn altar of Beogh.
 23083 | Orc:2    | Found a roughly hewn altar of Beogh.
 23158 | Orc:2    | Found a roughly hewn altar of Beogh.
 23191 | Orc:2    | Found a staircase to the Elven Halls.
 23338 | Orc:2    | Found a roughly hewn altar of Beogh.
 23443 | Orc:2    | Noticed an orc warlord
 23878 | Orc:2    | Found Duudd's Antique Weapon Shop.
 23880 | Orc:2    | Found a roughly hewn altar of Beogh.
 23885 | Orc:2    | Found Fetteeh's Antique Armour Boutique.
 23904 | Orc:2    | Bought a pitted ring mail for 216 gold pieces
 23904 | Orc:2    | Identified the +3 ring mail "Gyxkes" {rElec rPois} (You
                  | bought it in a shop on level 2 of the Orcish Mines)
 24057 | Orc:2    | Found a roughly hewn altar of Beogh.
 24116 | Orc:2    | Found a roughly hewn altar of Beogh.
 24157 | Orc:2    | Found a roughly hewn altar of Beogh.
 24188 | Orc:2    | Found Otoix's Weapon Shop.
 24193 | Orc:2    | Bought a +0 trident of flaming for 91 gold pieces
 24291 | Orc:2    | Found Apoohata's Distillery.
 24303 | Orc:2    | Bought a potion of heal wounds for 55 gold pieces
 24303 | Orc:2    | Bought a potion of curing for 33 gold pieces
 24303 | Orc:2    | Bought a potion of haste for 110 gold pieces
 24358 | Orc:2    | Killed an orc warlord
 24358 | Orc:2    | Received a gift from Okawaru
 24358 | Orc:2    | Reached XP level 14. HP: 65/132 MP: 10/18
 24730 | Orc:2    | Found a roughly hewn altar of Beogh.
 24792 | Orc:1    | Noticed Jorgrun
 24903 | Orc:2    | Killed Jorgrun
 25442 | Elf:1    | Entered Level 1 of the Elven Halls
 25670 | Snake:1  | Entered Level 1 of the Snake Pit
 26123 | Snake:1  | Got a bloodstained lajatang
 26148 | Snake:1  | Identified the cursed +1 lajatang "Foskihal" {slice, Dex+4}
                  | (You found it on level 1 of the Snake Pit)
 26330 | Snake:1  | Received a gift from Okawaru
 26912 | Snake:1  | Received a gift from Okawaru
 28226 | Snake:2  | Noticed a nagaraja
 28246 | Snake:2  | Killed a nagaraja
 28246 | Snake:2  | Reached skill level 15 in Fighting
 28294 | Snake:2  | Received a gift from Okawaru
 28591 | Snake:3  | Noticed Aizul
 28712 | Snake:2  | Killed Aizul
 28970 | Snake:3  | Reached XP level 15. HP: 141/141 MP: 19/19
 30099 | Snake:4  | Entered Level 4 of the Snake Pit
 30235 | Shoals:1 | Entered Level 1 of the Shoals
 31242 | Shoals:1 | Found a runed translucent door.
 31244 | Shoals:1 | Noticed AtomicRavioli's ghost (adept OgFi)
 31334 | Shoals:1 | Killed AtomicRavioli's ghost
 31334 | Shoals:1 | Received a gift from Okawaru
 31773 | Shoals:2 | Received a gift from Okawaru
 32032 | Shoals:2 | Received a gift from Okawaru
 33151 | Shoals:3 | Reached XP level 16. HP: 142/151 MP: 20/20
 33900 | Shoals:3 | Noticed Ilsuiw
 35477 | Snake:4  | Reached skill level 16 in Fighting
 35477 | Snake:4  | Reached XP level 17. HP: 157/158 MP: 21/21
 36050 | Snake:4  | Reached skill level 10 in Polearms
 36246 | Snake:4  | Received a gift from Okawaru
 36290 | Snake:4  | Found Hoill's General Store.
 36290 | Snake:4  | Found Dirougud's Assorted Antiques.
 36291 | Snake:4  | Found Duofuipp's Armour Shoppe.
 36297 | Snake:4  | Found Odifa's Distillery.
 36306 | Snake:4  | Bought a scroll of magic mapping for 42 gold pieces
 36306 | Snake:4  | Bought a scroll of teleportation for 36 gold pieces
 36306 | Snake:4  | Bought a potion of invisibility for 96 gold pieces
 36311 | Snake:4  | Bought a potion of heal wounds for 100 gold pieces
 36311 | Snake:4  | Bought a potion of heal wounds for 100 gold pieces
 36314 | Snake:4  | Bought a scroll of fog for 84 gold pieces
 36368 | Snake:4  | Bought a scarf of resistance for 512 gold pieces
 37203 | Snake:4  | Received a gift from Okawaru
 37223 | Snake:4  | Got a distressingly furry plate armour {god gift}
 37496 | Snake:4  | Identified the +3 plate armour "Coliufy" {Int+4} (Okawaru
                  | gifted it to you on level 4 of the Snake Pit)
 38395 | Snake:4  | Got a serpentine rune of Zot
 38662 | Shoals:4 | Entered Level 4 of the Shoals
 39000 | Shoals:4 | Reached skill level 10 in Armour
 39143 | Shoals:4 | Noticed Polyphemus
 39151 | Shoals:4 | Killed Polyphemus
 39206 | Shoals:4 | Reached skill level 10 in Dodging
 39264 | Shoals:4 | Received a gift from Okawaru
 39362 | Shoals:4 | Identified the +5 ring mail "Qeexyfeo" {+Blink rF+} (You
                  | found it on level 4 of the Shoals)
 39950 | Shoals:4 | Received a gift from Okawaru
 39960 | Shoals:4 | Reached skill level 17 in Fighting
 39965 | Shoals:4 | Reached XP level 18. HP: 106/169 MP: 17/22
 40537 | Shoals:4 | Got a barnacled rune of Zot
 40981 | D:13     | Received a gift from Okawaru
 40982 | D:13     | Got a dazzling centaur barding {god gift}
 40993 | D:13     | Identified the +2 centaur barding of the Storm King {+Fly
                  | SInv} (Okawaru gifted it to you on level 13 of the Dungeon)
 41736 | D:14     | Paralysed by an orc sorcerer for 3 turns
 41767 | D:14     | Identified a scroll of acquirement
 41871 | D:14     | Found a gate to the Vaults.
 42265 | D:15     | Entered Level 15 of the Dungeon
 42915 | D:15     | Found a staircase to the Depths.
 43488 | Depths:1 | Entered Level 1 of the Depths
 43502 | Depths:1 | Paralysed by a wizard for 3 turns
 43692 | D:15     | Received a gift from Okawaru
 44059 | Depths:1 | Reached skill level 18 in Fighting
 44209 | Depths:1 | Received a gift from Okawaru
 44237 | Depths:1 | Found a runed translucent gate.
 44237 | Depths:1 | Found a runed translucent gate.
 44237 | Depths:1 | Found a runed translucent gate.
 44242 | Depths:1 | Noticed Raeg's ghost (veteran DrSk)
 45437 | Depths:1 | Noticed a juggernaut
 45472 | Depths:1 | Killed a juggernaut
 45472 | Depths:1 | Received a gift from Okawaru
 45591 | Depths:1 | Reached skill level 19 in Fighting
 45623 | Depths:1 | Received a gift from Okawaru
 45628 | Depths:1 | Reached XP level 19. HP: 149/182 MP: 23/23
 46287 | Depths:1 | Got a blackened centaur barding {god gift}
 46298 | Depths:1 | Identified the +3 centaur barding of Tender Moments {rElec
                  | rF+ Dex+4} (Okawaru gifted it to you on level 1 of the
                  | Depths)
 46325 | Depths:1 | Got a smoking lead amulet
 46513 | Depths:1 | Found a gateway to Hell.
 47100 | Vaults:1 | Entered Level 1 of the Vaults
 47383 | Vaults:1 | Reached skill level 20 in Fighting
 48002 | Vaults:1 | Received a gift from Okawaru
 49605 | Vaults:2 | Received a gift from Okawaru
 49647 | Vaults:2 | Got a smoking lajatang {god gift}
 49650 | Vaults:2 | Identified the +1 lajatang of Tedoask {flame, rF+ SInv}
                  | (Okawaru gifted it to you on level 2 of the Vaults)
 49683 | Vaults:2 | Noticed Xtahua
 49697 | Vaults:2 | Killed Xtahua
 50176 | Vaults:2 | Reached XP level 20. HP: 174/195 MP: 24/24
 50286 | Vaults:2 | Reached skill level 1 in Spellcasting
 50302 | Vaults:2 | Reached skill level 5 in Translocations
 50426 | Vaults:2 | Paralysed by a sphinx for 7 turns
 50447 | Vaults:2 | Received a gift from Okawaru
 51159 | Vaults:2 | Found a staircase to the Crypt.
 52149 | Vaults:3 | Found Maumehi's Jewellery Emporium.
 52163 | Vaults:3 | Bought an uncursed ring of protection from magic for 325
                  | gold pieces
 52163 | Vaults:3 | Identified the amulet of Zenodwy {+Rage +Fly} (You found it
                  | on level 1 of the Depths)
 52250 | Vaults:3 | Reached skill level 21 in Fighting
 52427 | Vaults:3 | Identified the +5 arbalest of Subjectivity {venom, +Blink
                  | rN+} (You found it on level 3 of the Vaults)
 53517 | Vaults:4 | Received a gift from Okawaru
 54002 | Vaults:4 | Reached skill level 22 in Fighting
 54056 | Vaults:4 | Received a gift from Okawaru
 54475 | Vaults:4 | Received a gift from Okawaru
 54475 | Vaults:4 | Reached XP level 21. HP: 207/209 MP: 27/27
 54644 | Vaults:4 | Received a gift from Okawaru
 54771 | Vaults:4 | Found a runed translucent gate.
 54771 | Vaults:4 | Found a runed translucent gate.
 54771 | Vaults:4 | Found a runed translucent gate.
 54773 | Vaults:4 | Noticed astronautguy's ghost (master FoEE)
 54774 | Vaults:4 | Found an iron altar of Okawaru.
 55403 | Elf:1    | Reached skill level 23 in Fighting
 55873 | Elf:1    | Found a portal to a secret trove of treasure.
 56279 | Elf:2    | Received a gift from Okawaru
 56709 | Elf:2    | Found a runed translucent gate.
 56709 | Elf:2    | Found a runed translucent gate.
 56716 | Elf:2    | Found a runed translucent gate.
 56883 | Elf:3    | Entered Level 3 of the Elven Halls
 58151 | Elf:3    | Identified the ring "Jeoxu" {+Fly rN+ Str+4}
 58261 | Elf:3    | Identified the ring of the Locust {Ice rPois MR+ Str-5}
 58574 | Elf:3    | Identified the +9 shadow dragon scales of Optimism {+Inv
                  | Stlth++++}
 58684 | Elf:3    | Received a gift from Okawaru
 58761 | Elf:3    | Identified the +7 flail of the Warrior-Mage {flame, rC+}
 58889 | Elf:3    | Identified the ring of Egoecerch {Wiz MP+9}
 59083 | Elf:3    | Received a gift from Okawaru
 59100 | Elf:3    | Identified the cursed +3 trident "Ymuos" {venom, Str+7}
 59100 | Elf:3    | Identified the cursed ring of Yvakoc {rN+++ Int+4 Dex-3
                  | SInv Stlth-}
 59127 | Elf:3    | Identified the Disquisition on the Glacier
 59167 | Elf:3    | Identified the Disquisition on Bewitchment
 59211 | Elf:3    | Got a faintly humming helmet
 59217 | Elf:3    | Identified the +1 helmet of Rasuhun {rCorr} (You found it
                  | on level 3 of the Elven Halls)
 59227 | Elf:3    | Got a slimy plate armour
 59238 | Elf:3    | Identified the +8 plate armour "Kuazaleha" {rN++ rCorr
                  | Str-2 Slay+2} (You found it on level 3 of the Elven Halls)
 60016 | Depths:2 | Reached XP level 22. HP: 201/221 MP: 28/28
 60957 | Depths:2 | Noticed an ancient lich
 61090 | Depths:2 | Killed an ancient lich
 61173 | Depths:2 | Learned a level 3 spell: Teleport Other
 61175 | Depths:2 | Learned a level 1 spell: Apportation
 61807 | Depths:2 | Got a blackened chain mail
 61818 | Depths:2 | Identified the +2 chain mail of Ashenzari's Hope {-Cast
                  | rElec rN+} (You found it on level 2 of the Depths)
 62279 | Depths:3 | Got a scorched scale mail
 62290 | Depths:3 | Identified the +1 scale mail of the Bruised Beds {Regen+
                  | rCorr Dex+3} (You found it on level 3 of the Depths)
 62535 | Depths:3 | Found a one-way gate leading to the halls of Pandemonium.
 62577 | Depths:3 | Received a gift from Okawaru
 62580 | Depths:3 | Reached skill level 24 in Fighting
 63812 | Depths:4 | Paralysed by a floating eye for 4 turns
 64368 | Depths:2 | Learned a level 4 spell: Passage of Golubria
 64370 | Depths:2 | Learned a level 1 spell: Summon Butterflies
 64631 | Depths:2 | Reached skill level 1 in Summonings
 64702 | Depths:3 | Noticed a juggernaut
 65147 | Depths:2 | Killed a juggernaut
 66499 | Depths:3 | Paralysed by a floating eye for 3 turns
 67424 | Depths:4 | Received a gift from Okawaru
 67557 | Depths:4 | Received a gift from Okawaru
 67719 | Depths:4 | Reached XP level 23. HP: 225/229 MP: 29/29
 67804 | Depths:4 | Found a gateway to a ziggurat.
 68057 | Depths:4 | Found a one-way gate to the infinite horrors of the Abyss.
 68088 | Depths:4 | Reached skill level 5 in Summonings
 69073 | Depths:4 | Noticed an ancient lich
 69093 | Depths:4 | Killed an ancient lich
 69102 | Depths:4 | Found the +7 Spriggan's Knife {stab, EV+4 Stlth+}
 69208 | Depths:5 | Entered Level 5 of the Depths
 69922 | Depths:5 | Found a shattered altar of Ashenzari.
 70832 | Depths:5 | Reached skill level 10 in Translocations
 71109 | Depths:4 | Received a gift from Okawaru
 71439 | Depths:5 | Found Vofojyn's Gadget Shoppe.
 71440 | Depths:5 | Found Duzxized's Jewellery Shop.
 71441 | Depths:5 | Found Zevae's Gadget Shoppe.
 71916 | Depths:5 | Found a gate to the Realm of Zot.
 72479 | Vaults:5 | Entered Level 5 of the Vaults
 72864 | Vaults:5 | Received a gift from Okawaru
 73225 | Vaults:5 | Noticed Margery
 73241 | Vaults:5 | Reached skill level 5 in Spellcasting
 73255 | Vaults:5 | Killed Margery
 73320 | Vaults:5 | Reached skill level 10 in Evocations
 73526 | Vaults:5 | Found Ilim's Book Boutique.
 73580 | Vaults:5 | Reached XP level 24. HP: 222/238 MP: 31/31
 73642 | Vaults:5 | Received a gift from Okawaru
 73642 | Vaults:5 | Noticed an ancient lich
 73674 | Vaults:5 | Killed an ancient lich
 73699 | Vaults:5 | Noticed Bai Suzhen
 73714 | Vaults:5 | Killed Bai Suzhen
 73767 | Vaults:5 | Identified the ring "Kufaeva" {*Tele MR++ Str+7 Int-3}
 74028 | Vaults:5 | Noticed an ancient lich
 74043 | Vaults:5 | Killed an ancient lich
 74077 | Vaults:5 | Received a gift from Okawaru
 74146 | Vaults:5 | Noticed an ancient lich
 74177 | Vaults:5 | Killed an ancient lich
 74177 | Vaults:5 | Received a gift from Okawaru
 74278 | Vaults:5 | Noticed an ancient lich
 74293 | Vaults:5 | Killed an ancient lich
 74601 | Vaults:5 | Noticed Saint Roka
 74612 | Vaults:5 | Killed Saint Roka
 74612 | Vaults:5 | Received a gift from Okawaru
 75086 | Vaults:4 | Received a gift from Okawaru
 75364 | Vaults:5 | Identified the +8 plate armour of the Stars {Int+4}
 75595 | Vaults:5 | Identified the +3 ring mail of Limited Liability {*Contam
                  | rC+ rN+ Dex+2}
 75657 | Vaults:5 | Noticed an ancient lich
 75678 | Vaults:5 | Killed an ancient lich
 75678 | Vaults:5 | Received a gift from Okawaru
 75678 | Vaults:5 | Reached XP level 25. HP: 193/245 MP: 31/35
 75679 | Vaults:5 | Identified the +4 centaur barding of a volcano {rElec
                  | Dex+2} (Okawaru gifted it to you on level 5 of the Vaults)
 75841 | Vaults:5 | Identified the Almanac of Flight and Aid
 75944 | Vaults:5 | Got a silver rune of Zot
 76360 | Zot:1    | Entered Level 1 of the Realm of Zot
 77221 | Zot:5    | Entered Level 5 of the Realm of Zot
 78711 | Zot:4    | Received a gift from Okawaru
 78906 | Zot:4    | Received a gift from Okawaru
 79992 | Zot:4    | Identified the Volume of Sinister Rituals and Transmutation
 80382 | Zot:4    | Received a gift from Okawaru
 80522 | Zot:5    | Noticed a Killer Klown
 80531 | Zot:5    | Killed a Killer Klown
 80531 | Zot:5    | Reached skill level 15 in Dodging
 81336 | Zot:5    | Noticed an ancient lich
 81636 | Zot:5    | Killed an ancient lich
 82177 | Zot:5    | Noticed an orb of fire
 82209 | Zot:5    | Reached skill level 15 in Evocations
 82277 | Zot:5    | Noticed an ancient lich
 82495 | Zot:5    | Killed an ancient lich
 82539 | Zot:5    | Noticed an ancient lich
 82561 | Zot:5    | Killed an ancient lich
 82561 | Zot:5    | Reached XP level 26. HP: 224/254 MP: 35/35
 83146 | Zot:5    | Noticed an orb of fire
 83316 | Zot:5    | Received a gift from Okawaru
 83496 | Zot:5    | Noticed an ancient lich
 83517 | Zot:5    | Killed an ancient lich
 83706 | Zot:5    | Noticed an ancient lich
 83734 | Zot:5    | Killed an ancient lich
 83799 | Zot:5    | Noticed an orb of fire
 83819 | Zot:5    | Gained mutation: Scrolls take you a little longer to read.
                  | [an orb of fire]
 83826 | Zot:5    | Gained mutation: You occasionally shout uncontrollably at
                  | your foes. [an orb of fire]
 83831 | Zot:5    | Killed an orb of fire
 84008 | Zot:5    | Lost mutation: Scrolls take you a little longer to read.
                  | [potion of mutation]
 84008 | Zot:5    | Lost mutation: You occasionally shout uncontrollably at
                  | your foes. [potion of mutation]
 84008 | Zot:5    | Gained mutation: You can translocate small distances at
                  | will. [potion of mutation]
 84008 | Zot:5    | Gained mutation: Your body sometimes deteriorates upon
                  | taking damage. [potion of mutation]
 84008 | Zot:5    | Gained mutation: You expend magic power (3 MP) to
                  | strengthen your wands. [potion of mutation]
 84070 | Zot:5    | Gained mutation: Scrolls take you a little longer to read.
                  | [an orb of fire]
 84083 | Zot:5    | Killed an orb of fire
 84089 | Zot:5    | Lost mutation: Scrolls take you a little longer to read.
                  | [potion of mutation]
 84089 | Zot:5    | Lost mutation: You expend magic power (3 MP) to strengthen
                  | your wands. [potion of mutation]
 84089 | Zot:5    | Lost mutation: Your body sometimes deteriorates upon taking
                  | damage. [potion of mutation]
 84089 | Zot:5    | Gained mutation: You tend to lose your temper in combat.
                  | [potion of mutation]
 84089 | Zot:5    | Gained mutation: You have an increased reservoir of magic.
                  | (+10% MP) [potion of mutation]
 84091 | Zot:5    | Lost mutation: You can translocate small distances at will.
                  | [potion of mutation]
 84091 | Zot:5    | Lost mutation: You tend to lose your temper in combat.
                  | [potion of mutation]
 84091 | Zot:5    | Gained mutation: Scrolls take you a little longer to read.
                  | [potion of mutation]
 84091 | Zot:5    | Gained mutation: You have a pair of small horns on your
                  | head. [potion of mutation]
 84091 | Zot:5    | Gained mutation: You are covered in fur. (AC +1) [potion of
                  | mutation]
 84092 | Zot:5    | Lost mutation: You have a pair of small horns on your head.
                  | [potion of mutation]
 84092 | Zot:5    | Lost mutation: Scrolls take you a little longer to read.
                  | [potion of mutation]
 84092 | Zot:5    | Lost mutation: You have an increased reservoir of magic.
                  | (+10% MP) [potion of mutation]
 84092 | Zot:5    | Gained mutation: Your spells are a little harder to cast,
                  | but a little more powerful. [potion of mutation]
 84092 | Zot:5    | Gained mutation: Your system is resistant to poisons.
                  | (rPois) [potion of mutation]
 84092 | Zot:5    | Gained mutation: You passively map a small area around you.
                  | [potion of mutation]
 84127 | Zot:5    | Noticed an ancient lich
 84143 | Zot:5    | Killed an ancient lich
 84330 | Zot:5    | Killed an orb of fire
 84645 | Zot:5    | Noticed Cuvuysy the pandemonium lord
 84646 | Zot:5    | Got the Orb of Zot
 84692 | Zot:5    | Noticed an ancient lich
 84714 | Zot:5    | Killed an ancient lich
 85389 | D:$      | Escaped with the Orb!

Levels and vault maps discovered:
D:1:      scummos_arrival_forest, layout_basic, st_stairs_7, minivault_14
D:2:      layout_basic, lemuel_zombie_altar_yredelemnul, fedhas_ov_isle_minmay,
          nicolae_gozag_zags_fifth_avenue
D:3:      layout_loops_corners, bloody_trog
D:4:      layout_loops_ring, kennysheep_mini_moat, uniq_eustachio
D:5:      layout_cave_pools, lemuel_doored_altar, zin_scriptorium,
          minmay_temple_entry_grid, first_ration, xom_redecorated
D:6:      layout_loops_ring, nicolae_dithmenos_shadow_blocks, kennysheep_mini,
          kennysheep_small_spiral, okawaru_metal_pillars_1_2
D:7:      layout_basic, led_sif_book, uniq_duvessa
D:8:      minmay_razor_zed, layout_gridville, eat_drink_and_be_merry_uskayaw,
          serial_shops, shop_fountains, nicolae_shop_window_shopping, shop
D:9:      layout_basic, nemelex_xobeh_ov_fountains_minmay, lemuel_crystal_altar,
          serial_shops, nicolae_shop_stone, hangedman_fish_farm
D:10:     layout_basic, minmay_lair_entry_grove, hangedman_incinerator
D:11:     layout_loops_ring, uniq_erolcha, uniq_snorg
D:12:     layout_loops_ring, orc_0_dummy, bh_chokoban, uniq_azrael
D:13:     layout_loops_ring, due_unseen_surprise
D:14:     layout_rooms, grunt_vaults_entry_fortified
D:15:     grunt_enter_depths_hoard, layout_basic, minmay_misc_feat_square
Temple:   eino_wide_crystal_templ
Lair:1:   layout_roguey, disabler_island
Lair:2:   layout_hall_layers, chequers_serial_rivers_small_a,
          grunt_megastairs_2, infiniplex_staircase_pool
Lair:3:   layout_gridlike
Lair:4:   beast_lair_carwin_large_2, layout_cave_pods, elwin_shoals_entry_rooms,
          guppyfry_snake_entry_island, serial_bayou_shore_b, grunt_megastairs_5,
          infiniplex_staircase_pool_2
Lair:5:   layout_gridlike, dpeg_slime_entry_enclosed_altar, st_stairs_3,
          chequers_serial_rivers_micro_c
Lair:6:   gammafunk_lair_ancient_temple, layout_gridlike, uniq_nessos,
          uniq_urug, uniq_kirke
Shoals:1: layout_shoals, ebering_ghost_inner_flame
Shoals:2: layout_shoals
Shoals:3: layout_shoals, nicolae_shoals_square_sea_wall, uniq_ilsuiw
Shoals:4: shoals_end_grunt_ice, layout_shoals, uniq_polyphemus
Snake:1:  layout_layer_cave
Snake:2:  layout_misc_corridors
Snake:3:  layout_basic, serial_bayou_shore_b, uniq_aizul
Snake:4:  grunt_snake_rune_serpentine_throne, layout_cave_town,
          portal_ice_cave_entry_ice_statue_two, grunt_ministairs_15,
          st_stairs_4, minmay_shoptagon
Orc:1:    layout_caves, serial_shops, nicolae_shop_waterfront, shop,
          uniq_jorgrun
Orc:2:    grunt_orc_community_town_hall, layout_caves,
          grunt_orc_community_big_house_2, grunt_orc_community_big_house_1,
          grunt_orc_community_house_1, grunt_orc_community_house_2,
          grunt_orc_community_house_2, grunt_orc_community_house_2,
          grunt_orc_community_house_1, grunt_orc_community_house_3,
          statue_in_the_mist_lemuel, nooodl_orcs_dogs
Elf:1:    elf_arrival_002, layout_geoelf_diagonals, nicolae_trove_entry_columns,
          evilmike_minifort
Elf:2:    layout_rooms
Elf:3:    grunt_elf_hall_asides, layout_onion_city, minivault_11,
          nicolae_elf_big_sculpture_1, corexii_leaking_fountain
Vaults:1: vaults_room_stairs_pillars, serial_ice_b,
          nicolae_vaults_diagonal_hallway_9, ontoclasm_vaults_decontamination,
          vaults_standard_mumra_enter_the_diamond, ontoclasm_vaults_spin,
          vaults_room_stairs_pillars, vaults_mumra_minichess_inversion,
          v_misc_4, nicolae_vaults_alarming, layout_vaults_quadrants
Vaults:2: nicolae_vaults_circle_grid_b, blue_anna_dwarven_crypt,
          vaults_room_hallway, v_misc_25, grunt_vaults_bifocal,
          vaults_room_stairs_pillars, nicolae_vaults_specimen_jars,
          grunt_vaults_funnel, layout_vaults_omnicross, uniq_xtahua
Vaults:3: v_misc_1, ontoclasm_vaults_misaligned, vaults_room_pool,
          hangedman_vaults_stretched_pinwheel, nicolae_vaults_yaktaur_gun_rack,
          v_misc_17, layout_vaults_big_room, serial_shops, shop
Vaults:4: gammafunk_vaults_ghost_fury_of_okawaru, vaults_room_guarded_vault,
          v_misc_17, v_misc_19, vaults_dpeg_diagonal, v_misc_4,
          vaults_room_pool, v_pattern_5, ontoclasm_vaults_twist,
          grunt_vaults_hallway_short, ontoclasm_vaults_eye,
          hangedman_vaults_pinch, layout_vaults_maze_snakey
Vaults:5: serial_shops, uniq_margery, uniq_bai_suzhen, uniq_saint_roka
Depths:1: layout_cave_pools, ebering_ghost_rock_garden,
          chequers_serial_rivers_small_3, pf_coc_iceberg, minmay_swirly_circle
Depths:2: lemuel_river_lethe, hell_entry
Depths:3: minmay_isolated_rectangles_in_corner, layout_honeycomb, pan_entry,
          hangedman_decor_diamond_cutter, hell_entry, minmay_staircase_bubble,
          serial_bayou_shore_b
Depths:4: cheibrodos_cascadia, layout_cave_pools, enter_ziggurat_d, abyss_entry,
          hell_entry, kennysheep_big_empty_room, minmay_misc_feat_chi,
          minmay_staircase_statues, serial_bayou_shore_b
Depths:5: evilmike_zot_entry_argh, layout_gridlike, lightli_too_deep,
          grunt_pan_entry_zigzag, ashenzari_altar_1, grunt_decor_mini_mirrors,
          serial_bayou_shore_b, minmay_shop_grove
Zot:1:    layout_gridlike, zot_minivault_4
Zot:2:    layout_gridville
Zot:3:    layout_basic
Zot:4:    layout_gridlike, st_single_dragon_hoard_4, st_large_dragon_hoard_3
Zot:5:    layout_onion, st_stairs_4, grunt_ministairs_9

Skill      XL: |  1  2  3  4  5  6  7  8  9 10 11 12 13 14 15 16 17 18 19 20 21 22 23 24 25 26 |
---------------+-------------------------------------------------------------------------------+-----
Dodging        | 2 3 4 5 6 7 8 10 11 12 15 | 15.9
Bows           | 6 7 8 9 11 12 14 16 18 20 | 20.0
Fighting       | 3 4 5 6 8 9 11 13 14 15 16 17 19 20 22 23 24 | 24.8
Polearms       | 1 2 4 6 8 9 10 | 10.0
Armour         | 3 5 6 7 8 9 10 11 12 | 12.5
Invocations    | 1 5 8 |  8.0
Evocations     | 1 5 6 10 12 15 16 | 16.6
Translocations | 4 7 8 11 13 | 13.4
Spellcasting   | 4 5 8 |  8.9
Summonings     | 4 7 |  7.0
Stealth        | |  0.4

Action                   |  1- 3 |  4- 6 |  7- 9 | 10-12 | 13-15 | 16-18 | 19-21 | 22-24 | 25-27 || total
-------------------------+-------+-------+-------+-------+-------+-------+-------+-------+-------++-------
Melee: Short sword       |    85 |    73 |       |       |       |       |       |       |       ||   158
       Kick              |    16 |    12 |    39 |    31 |     4 |    25 |    14 |     8 |       ||   149
       Trident           |       |    17 |   174 |   133 |       |       |       |       |       ||   324
       Demon trident     |       |       |       |       |    11 |   109 |     2 |     9 |    14 ||   145
       Bardiche          |       |       |       |       |     5 |       |       |       |       ||     5
       Lajatang          |       |       |       |       |       |       |    20 |    13 |       ||    33
 Fire: Shortbow          |    64 |   160 |   300 |   310 |       |       |       |       |       ||   834
       Longbow           |       |       |       |   392 |  1311 |  1297 |  1808 |  2004 |   720 ||  7532
Throw: Boomerang         |       |       |       |       |     1 |     1 |       |       |       ||     2
 Cast: Blink             |       |       |       |       |     1 |       |     1 |     1 |     1 ||     4
       Passage of Golubr |       |       |       |       |       |       |       |     1 |       ||     1
       Apportation       |       |       |       |       |       |       |       |       |     1 ||     1
Invok: Heroism           |       |       |       |     5 |     6 |     3 |     6 |    15 |     9 ||    44
       Finesse           |       |       |       |       |     5 |     6 |     7 |    13 |     9 ||    40
 Abil: Evoke Flight      |       |       |       |       |       |     4 |     1 |    10 |     2 ||    17
       Stop Flying       |       |       |       |       |       |     1 |       |     1 |       ||     2
       Evoke Blink       |       |       |       |       |       |       |       |     1 |     1 ||     2
Evoke: Sack of spiders   |       |       |       |       |       |     1 |       |       |     1 ||     2
       Wand              |       |       |       |       |       |       |     1 |     1 |     7 ||     9
       Box of beasts     |       |       |       |       |       |       |       |       |     4 ||     4
  Use: Scroll            |       |     5 |     1 |    11 |    25 |    13 |     7 |     7 |    15 ||    84
       Potion            |       |       |       |     1 |     3 |     5 |     1 |     7 |    10 ||    27
 Stab: Distracted        |       |       |       |       |       |     1 |       |       |       ||     1
       Petrified         |       |       |       |       |       |     4 |       |       |       ||     4
  Eat: Chunk             |     3 |     7 |     7 |    17 |    27 |    15 |    33 |    17 |     6 ||   132
       Ration            |       |       |     1 |     2 |     3 |     5 |     1 |     7 |     6 ||    25
Armor: Leather armour    |    30 |       |       |       |       |       |       |       |       ||    30
       Ring mail         |     5 |   101 |    90 |   177 |   174 |    28 |     3 |   101 |    39 ||   718
       Chain mail        |       |       |       |       |    63 |   226 |   205 |       |       ||   494
       Shadow dragon sca |       |       |       |       |       |       |     5 |   351 |   114 ||   470
       Plate armour      |       |       |       |       |       |       |       |    35 |       ||    35
Dodge: Dodged            |    37 |    88 |   127 |   216 |   202 |   123 |   117 |   272 |   116 ||  1298
Block: Other             |       |       |       |       |    46 |    93 |    74 |       |       ||   213
       Reflection        |       |       |       |       |    19 |    21 |    23 |       |       ||    63
